 Dungeon Crawl Stone Soup version 0.29.1-1-gd02db6906a (webtiles) character file.

Game seed: 10292512727251672210

43 Colgate the Chiller (level 3, -1/24 HPs)
             Began as a Barachi Ice Elementalist on Oct 13, 2022.
             Was a Believer of Zin.
             Slain by an adder (3 damage)
             ... on level 3 of the Dungeon.
             The game lasted 00:03:31 (1826 turns).

Colgate the Chiller (Barachi Ice Elementalist)      Turns: 1826, Time: 00:03:31

Health: -1/24      AC:  2    Str:  9    XL:     3   Next: 58%
Magic:  0/6        EV: 12    Int: 17    God:    Zin [**....]
Gold:   132        SH:  0    Dex: 12    Spells: 2/6 levels left

rFire   . . .      SeeInvis .   (no weapon)
rCold   . . .      Faith    .   h - orb {light}
rNeg    + . .      Spirit   .   a - +0 robe
rPois   .          Reflect  .   (no helmet)
rElec   .          Harm     .   (no cloak)
rCorr   .          Rampage  .   (no gloves)
Will    .....                   (no boots)
Stlth   +.........              (no amulet)
HPRegen 0.08/turn               n - ring of positive energy
MPRegen 0.10/turn               (no ring)

@: lethally poisoned (-1 -> -6), freezing walls, glowing, slow
A: amphibious, slowness 1, strong legs 1, +LOS
a: Hop, Renounce Religion, Recite, Vitalisation, Donate Gold


You were on level 3 of the Dungeon.
You worshipped Zin.
Zin was pleased with you.
You visited 1 branch of the dungeon, and saw 3 of its levels.

You collected 146 gold pieces.
You donated 14 gold pieces to Zin.

Inventory:

Missiles
 i - 2 javelins
Armour
 a - a +0 robe (worn)
 h - an orb of light (worn)
Magical Staves
 c - a staff of earth
Jewellery
 n - a ring of positive energy (left hand)
Scrolls
 f - a scroll of enchant weapon {unknown}
 g - 2 scrolls of identify {unknown}
 k - a scroll of silence {unknown}
 l - a scroll of blinking {unknown}
 m - a scroll of amnesia {unknown}
Potions
 b - a potion of magic
 d - a potion of heal wounds {unknown}
 e - a potion of curing {unknown}
 j - 2 potions of brilliance {unknown}


   Skills:
 - Level 2.1 Dodging
 - Level 1.7 Stealth
 - Level 2.1 Spellcasting
 + Level 6.3 Ice Magic


You had 2 spell levels left.
You knew the following spells:

 Your Spells              Type           Power      Damage    Failure   Level
a - Freeze                Ice            92%        1d10      1%          1
b - Frozen Ramparts       Ice            46%        1d7       4%          3

Your spell library contained the following spells:

 Spells                   Type           Power      Damage    Failure   Level
 Ozocubu's Armour         Ice            23%        N/A       4%          3
 Hailstorm                Conj/Ice       12%        3d5       45%         4


Dungeon Overview and Level Annotations

Branches:
Dungeon (3/15)

Altars:
Xom
Zin


Innate Abilities, Weirdness & Mutations

You are amphibious.
You cover ground slowly.
You can hop short distances.
You have an extended range of vision and can be seen from far away.


Message History

Casting: Freeze (safe; 1% risk of failure)
Casting: Frozen Ramparts (quite dangerous; 4% risk of failure)
A stone staircase leading up.
This square is lit by a halo.
The walls around you are covered in ice.
The goblin shouts!
The hobgoblin closely misses you.
The wall freezes the endoplasm.
The endoplasm freezes you.
You are frozen.
The goblin unwields a +0 dagger.
The goblin wields a +0 sling.
The goblin shoots a sling bullet.
The sling bullet hits you. The orc closely misses you.
The kobold hits you with a +0 dagger. The giant cockroach barely misses you.
You are too injured to fight recklessly!
Aiming: Freeze (safe; 1% risk of failure)
Aim: an orc, wielding a +0 flail and wearing a +0 chain mail (haloed)
You freeze the orc!
You kill the orc!
The wall freezes the endoplasm!
You kill the endoplasm!
The hobgoblin barely misses you. The kobold barely misses you.
The giant cockroach bites you but does no damage.
The adder bites you.
You are poisoned.
The adder poisons you!
The goblin shoots a sling bullet.
The sling bullet hits you.
* * * LOW HITPOINT WARNING * * *
Aiming: Freeze (safe; 1% risk of failure)
Aim: an adder (haloed)
You freeze the adder.
* * * LOW HITPOINT WARNING * * *
You feel sick. The adder barely misses you.
The giant cockroach closely misses you. The kobold hits you but does no damage.
The hobgoblin barely misses you.
The goblin shoots a sling bullet.
The sling bullet hits you but does no damage.
Aiming: Freeze (safe; 1% risk of failure)
Aim: an adder (heavily wounded, haloed)
You freeze the adder.
* * * LOW HITPOINT WARNING * * *
You feel sick. The adder bites you.
You die...

.......# ### #.
........ .... #.
...$..!. .... #.
........ ..... #!
........ ......#.
........
......#.##........
...............g..
........K@...#
........SgB..#
.......†..$..#
.............#
...............#
.............#...
.................
..................
....>........♣~.♣♣


You could see an adder, a giant cockroach, a hobgoblin, a goblin and a kobold.

Vanquished Creatures
  3 dart slugs (D:1)
  An orc (D:3)
  6 bats
  2 endoplasms
  2 giant cockroaches
  A hobgoblin (D:1)
  4 kobolds
  4 ball pythons (D:1)
  2 frilled lizards (D:1)
  5 goblins
  5 rats
35 creatures vanquished.

Notes
Turn   | Place    | Note
-------+----------+-------------------------------------------
     0 | D:1      | Colgate the Barachi Ice Elementalist began the quest for
                  | the Orb.
     0 | D:1      | Reached XP level 1. HP: 13/13 MP: 3/3
    47 | D:1      | Reached skill level 5 in Ice Magic
   193 | D:1      | Reached XP level 2. HP: 19/19 MP: 3/5
   658 | D:1      | Reached XP level 3. HP: 22/24 MP: 3/6
   663 | D:1      | Learned a level 3 spell: Frozen Ramparts
   835 | D:1      | Reached skill level 6 in Ice Magic
  1126 | D:2      | Found a shimmering altar of Xom.
  1139 | D:2      | Found a faded altar of an unknown god.
  1154 | D:2      | Prayed at the altar of an unknown god.
  1154 | D:2      | Became a worshipper of Zin the Law-Giver
  1154 | D:2      | Reached * piety under Zin
  1529 | D:2      | Reached ** piety under Zin
  1826 | D:3      | Slain by an adder

Illustrated notes

Levels and vault maps discovered:
D:1:      erik_arrival_blinker_ship, layout_basic
D:2:      layout_basic, ebering_ecumenical_altar_mist, basic_altar
D:3:      layout_rooms, serial_bayou_crossing

Skill      XL: |  1  2  3 |
---------------+----------+-----
Ice Magic      | 5 6 |  6.3
Dodging        | |  2.1
Stealth        | |  1.7
Spellcasting   | |  2.1

Action                   || total
-------------------------++-------
 Cast: Freeze            ||    44
       Frozen Ramparts   ||     1
Armor: Robe              ||    12
Dodge: Dodged            ||    31
